3077 views
Uploaded 2020-03-24 08:04:28
Game version 1.32.3
10:48 long 4on4 ladder game on (8)BanewoodBog_LV
Saved by BaDitO2
3077 views
Uploaded 2020-03-24 08:04:28
Game version 1.32.3
10:48 long 4on4 ladder game on (8)BanewoodBog_LV


85 units @ 8.4k
/ 0.2k
58 buildings @ 8k
/ 3.4k

| Scroll of Regeneration | 3 | 300 |
| Lesser Clarity Potion | 1 | 70 |
| Boots of Speed | 1 | 250 |
| Periapt of Vitality | 1 | 325 |
| total: | 6 | 945g |
| Peasant | 21 | 1575 | / | 0 |
| Footman | 8 | 1080 | / | 0 |
| Rifleman | 2 | 410 | / | 60 |
| total: | 31 | 3065g | / | 60w |
| Scout Tower | 5 | 150 | / | 100 |
| Guard Tower | 1 | 70 | / | 50 |
| Arcane Tower | 1 | 70 | / | 50 |
| Altar of Kings | 1 | 180 | / | 50 |
| Farm | 4 | 320 | / | 80 |
| Barracks | 2 | 320 | / | 120 |
| Town Hall | 1 | 385 | / | 205 |
| Arcane Vault | 1 | 130 | / | 30 |
| Lumber Mill | 1 | 120 | / | 0 |
| Blacksmith | 1 | 140 | / | 60 |
| Keep | 1 | 320 | / | 210 |
| total: | 16 | 1745g | / | 645w |
| 0:02 | Peasant |
| 0:05 | Altar of Kings |
| 0:10 | Peasant |
| 0:16 | Peasant |
| 0:19 | Farm |
| 0:23 | Barracks |
| 0:39 | Peasant |
| 0:50 | Farm |
| 0:53 | Peasant |
| 1:16 | Peasant |
| 1:26 | Footman |
| 1:33 | Farm |
| 1:40 | Footman |
| 1:49 | Peasant |
| 2:06 | Footman |
| 2:10 | Farm |
| 2:15 | Summon Water Elemental |
| 2:28 | Footman |
| 2:29 | Peasant |
| 2:52 | Peasant |
| 2:52 | Footman |
| 3:18 | Peasant |
| 3:18 | Footman |
| 3:23 | Brilliance Aura |
| 3:44 | Town Hall |
| 4:25 | Boots of Speed |
| 4:44 | Periapt of Vitality |
| 5:03 | Keep |
| 5:10 | Arcane Vault |
| 5:58 | Summon Water Elemental |
| 6:05 | Footman |
| 6:13 | Scroll of Regeneration |
| 6:13 | Scroll of Regeneration |
| 6:16 | Lesser Clarity Potion |
| 6:22 | Lumber Mill |
| 6:26 | Blacksmith |
| 6:35 | Scout Tower |
| 6:40 | Scout Tower |
| 6:40 | Scout Tower |
| 6:41 | Scout Tower |
| 7:10 | Guard Tower |
| 7:40 | Improved Lumber Harvesting |
| 7:41 | Iron Forged Swords |
| 7:41 | Iron Plating |
| 7:42 | Black Gunpowder |
| 7:54 | Peasant |
| 7:54 | Peasant |
| 7:55 | Peasant |
| 7:55 | Peasant |
| 7:56 | Peasant |
| 8:16 | Scout Tower |
| 8:18 | Peasant |
| 8:18 | Peasant |
| 8:27 | Scroll of Regeneration |
| 8:29 | Long Rifles |
| 8:30 | Rifleman |
| 8:33 | Barracks |
| 8:59 | Arcane Tower |
| 9:21 | Peasant |
| 9:32 | Peasant |
| 9:32 | Peasant |
| 9:32 | Peasant |
| 10:08 | Rifleman |
| 10:11 | Footman |
| Right click | 500 |
| Select group | 428 |
| Select | 207 |
| Build/train/purchase | 71 |
| Misc. action | 23 |
| Assign group | 12 |
| Item give/drop | 2 |
| Esc | 2 |
| Use ability | 1 |
| Remove unit | 1 |



| Rod of Necromancy | 2 | 300 |
| Sacrificial Skull | 1 | 50 |
| Potion of Mana | 1 | 200 |
| Orb of Corruption | 1 | 375 |
| Scroll of Healing | 1 | 250 |
| total: | 6 | 1175g |
| Acolyte | 7 | 525 | / | 0 |
| Ghoul | 11 | 1320 | / | 0 |
| total: | 18 | 1845g | / | 0w |
| Crypt | 1 | 200 | / | 50 |
| Ziggurat | 4 | 600 | / | 200 |
| Altar of Darkness | 1 | 180 | / | 50 |
| Tomb of Relics | 1 | 130 | / | 30 |
| Necropolis | 2 | 450 | / | 0 |
| Graveyard | 1 | 215 | / | 0 |
| Sacrificial Pit | 1 | 75 | / | 150 |
| Boneyard | 2 | 350 | / | 400 |
| Halls of the Dead | 1 | 320 | / | 210 |
| Black Citadel | 2 | 650 | / | 460 |
| total: | 13 | 2200g | / | 880w |
| 0:04 | Acolyte |
| 0:04 | Acolyte |
| 0:09 | Crypt |
| 0:11 | Ziggurat |
| 0:45 | Altar of Darkness |
| 1:02 | Tomb of Relics |
| 1:09 | Ghoul |
| 1:12 | Ghoul |
| 1:32 | Ghoul |
| 1:53 | Ziggurat |
| 2:25 | Ghoul |
| 2:34 | Rain of Fire |
| 2:44 | Ghoul |
| 2:45 | Ghoul |
| 2:48 | Acolyte |
| 2:52 | Rod of Necromancy |
| 3:08 | Halls of the Dead |
| 3:21 | Sacrificial Skull |
| 4:00 | Necropolis |
| 4:10 | Cleaving Attack |
| 4:12 | Necropolis |
| 4:19 | Ghoul |
| 4:21 | Graveyard |
| 5:01 | Ghoul |
| 5:44 | Acolyte |
| 5:45 | Acolyte |
| 5:45 | Acolyte |
| 5:45 | Acolyte |
| 6:33 | Black Citadel |
| 6:36 | Sacrificial Pit |
| 6:59 | Rod of Necromancy |
| 7:00 | Potion of Mana |
| 7:30 | Death Coil |
| 7:35 | Ziggurat |
| 7:36 | Ghoul |
| 8:04 | Ghoul |
| 8:06 | Creature Attack |
| 8:19 | Ghoul |
| 8:22 | Ziggurat |
| 8:56 | Orb of Corruption |
| 9:02 | Boneyard |
| 9:03 | Boneyard |
| 9:21 | Cleaving Attack |
| 9:57 | Scroll of Healing |
| 10:13 | Frost Nova |
| Right click | 528 |
| Select | 284 |
| Select group | 195 |
| Misc. action | 62 |
| Assign group | 58 |
| Build/train/purchase | 48 |
| Use ability | 6 |
| Minimap ping | 5 |
| Item give/drop | 2 |
| Remove unit | 1 |



| Wisp | 11 | 660 | / | 0 |
| Chimaera | 1 | 330 | / | 70 |
| total: | 12 | 990g | / | 70w |
| Altar of Elders | 1 | 180 | / | 50 |
| Moon Well | 4 | 720 | / | 160 |
| Hunter's Hall | 1 | 210 | / | 100 |
| Ancient of Wonders | 1 | 90 | / | 30 |
| Ancient of Wind | 1 | 150 | / | 140 |
| Chimaera Roost | 2 | 280 | / | 380 |
| Tree of Ages | 1 | 320 | / | 180 |
| Tree of Eternity | 1 | 330 | / | 200 |
| total: | 10 | 1630g | / | 860w |
| 0:11 | Wisp |
| 0:19 | Altar of Elders |
| 0:20 | Wisp |
| 0:27 | Moon Well |
| 0:28 | Wisp |
| 0:32 | Wisp |
| 0:47 | Wisp |
| 1:06 | Wisp |
| 1:15 | Wisp |
| 1:27 | Wisp |
| 1:47 | Wisp |
| 1:53 | Moon Well |
| 2:01 | Moon Well |
| 2:18 | Tree of Ages |
| 2:24 | Force of Nature |
| 2:45 | Hunter's Hall |
| 4:40 | Wisp |
| 4:42 | Ancient of Wind |
| 4:57 | Tree of Eternity |
| 5:06 | Entangling Roots |
| 5:39 | Trueshot Aura |
| 8:00 | Wisp |
| 8:03 | Chimaera Roost |
| 8:06 | Chimaera Roost |
| 8:14 | Black Arrow |
| 9:38 | Chimaera |
| 9:40 | Ancient of Wonders |
| 9:44 | Strength of the Wild |
| 9:52 | Moon Well |
| Right click | 310 |
| Select | 191 |
| Select group | 115 |
| Misc. action | 107 |
| Build/train/purchase | 25 |
| Assign group | 18 |
| Minimap ping | 16 |
| Use ability | 14 |
| Item give/drop | 2 |

| Scroll of Regeneration | 1 | 100 |
| total: | 1 | 100g |
| Peasant | 16 | 1200 | / | 0 |
| Footman | 5 | 675 | / | 0 |
| Dragonhawk Rider | 3 | 600 | / | 90 |
| total: | 24 | 2475g | / | 90w |
| Altar of Kings | 1 | 180 | / | 50 |
| Farm | 9 | 720 | / | 180 |
| Barracks | 1 | 160 | / | 60 |
| Lumber Mill | 2 | 240 | / | 0 |
| Blacksmith | 1 | 140 | / | 60 |
| Arcane Vault | 1 | 130 | / | 30 |
| Town Hall | 1 | 385 | / | 205 |
| Gryphon Aviary | 3 | 420 | / | 450 |
| Keep | 1 | 320 | / | 210 |
| Castle | 1 | 360 | / | 210 |
| total: | 19 | 2375g | / | 1035w |
| 0:05 | Peasant |
| 0:05 | Peasant |
| 0:12 | Altar of Kings |
| 0:17 | Farm |
| 0:28 | Peasant |
| 0:36 | Barracks |
| 0:39 | Peasant |
| 0:54 | Farm |
| 1:26 | Peasant |
| 1:30 | Peasant |
| 1:30 | Peasant |
| 1:45 | Lumber Mill |
| 1:48 | Footman |
| 1:51 | Footman |
| 2:08 | Lumber Mill |
| 2:21 | Blacksmith |
| 2:23 | Peasant |
| 2:23 | Peasant |
| 2:34 | Brilliance Aura |
| 2:41 | Arcane Vault |
| 3:19 | Farm |
| 3:21 | Peasant |
| 4:00 | Farm |
| 4:02 | Footman |
| 4:18 | Keep |
| 4:22 | Scroll of Regeneration |
| 4:44 | Farm |
| 4:46 | Footman |
| 4:47 | Footman |
| 5:14 | Iron Forged Swords |
| 5:21 | Farm |
| 5:53 | Summon Water Elemental |
| 6:25 | Town Hall |
| 6:41 | Gryphon Aviary |
| 6:42 | Gryphon Aviary |
| 6:46 | Peasant |
| 6:46 | Peasant |
| 6:46 | Peasant |
| 6:47 | Peasant |
| 6:49 | Improved Lumber Harvesting |
| 7:03 | Farm |
| 7:34 | Peasant |
| 7:45 | Farm |
| 8:15 | Dragonhawk Rider |
| 8:19 | Peasant |
| 8:32 | Farm |
| 9:20 | Dragonhawk Rider |
| 9:20 | Dragonhawk Rider |
| 9:22 | Castle |
| 9:49 | Gryphon Aviary |
| 10:42 | Summon Water Elemental |
| Right click | 207 |
| Select | 159 |
| Select group | 86 |
| Build/train/purchase | 42 |
| Assign group | 13 |
| Chat | 6 |
| Misc. action | 4 |
91 units @ 9.4k
/ 0.8k
68 buildings @ 8.5k
/ 3.6k

| Scroll of Regeneration | 3 | 300 |
| Potion of Healing | 2 | 300 |
| Potion of Mana | 2 | 400 |
| Lesser Clarity Potion | 1 | 70 |
| Scroll of Town Portal | 1 | 350 |
| Staff of Teleportation | 1 | 150 |
| Boots of Speed | 1 | 250 |
| total: | 11 | 1820g |
| Peasant | 21 | 1575 | / | 0 |
| total: | 21 | 1575g | / | 0w |
| Scout Tower | 15 | 450 | / | 300 |
| Guard Tower | 7 | 490 | / | 350 |
| Altar of Kings | 1 | 180 | / | 50 |
| Farm | 3 | 240 | / | 60 |
| Barracks | 1 | 160 | / | 60 |
| Lumber Mill | 1 | 120 | / | 0 |
| Arcane Vault | 1 | 130 | / | 30 |
| Town Hall | 1 | 385 | / | 205 |
| Blacksmith | 1 | 140 | / | 60 |
| Workshop | 3 | 420 | / | 420 |
| Keep | 1 | 320 | / | 210 |
| Castle | 1 | 360 | / | 210 |
| total: | 27 | 2225g | / | 1185w |
| 0:03 | Peasant |
| 0:04 | Peasant |
| 0:07 | Altar of Kings |
| 0:17 | Farm |
| 0:28 | Peasant |
| 0:33 | Barracks |
| 0:40 | Peasant |
| 0:57 | Farm |
| 0:59 | Lumber Mill |
| 1:02 | Peasant |
| 1:06 | Peasant |
| 1:19 | Peasant |
| 1:23 | Peasant |
| 1:23 | Peasant |
| 1:32 | Arcane Vault |
| 1:39 | Peasant |
| 1:45 | Peasant |
| 2:06 | Peasant |
| 2:06 | Peasant |
| 2:09 | Flame Strike |
| 2:43 | Farm |
| 2:43 | Peasant |
| 2:54 | Siphon Mana |
| 2:59 | Peasant |
| 3:02 | Scroll of Regeneration |
| 3:07 | Town Hall |
| 3:20 | Peasant |
| 4:34 | Keep |
| 4:51 | Peasant |
| 4:51 | Peasant |
| 4:51 | Peasant |
| 4:55 | Blacksmith |
| 4:59 | Peasant |
| 4:59 | Peasant |
| 5:06 | Scout Tower |
| 5:08 | Scout Tower |
| 5:08 | Scout Tower |
| 5:10 | Scout Tower |
| 5:10 | Scout Tower |
| 5:11 | Scout Tower |
| 5:11 | Scout Tower |
| 5:13 | Scout Tower |
| 5:14 | Scout Tower |
| 5:14 | Scout Tower |
| 5:14 | Scout Tower |
| 5:15 | Scout Tower |
| 5:16 | Scout Tower |
| 5:16 | Scout Tower |
| 5:16 | Scout Tower |
| 5:19 | Scroll of Regeneration |
| 5:45 | Guard Tower |
| 6:20 | Guard Tower |
| 6:44 | Scroll of Regeneration |
| 6:51 | Guard Tower |
| 6:58 | Guard Tower |
| 7:26 | Castle |
| 7:28 | Improved Lumber Harvesting |
| 7:30 | Guard Tower |
| 7:51 | Potion of Healing |
| 7:53 | Potion of Healing |
| 7:53 | Potion of Mana |
| 8:02 | Workshop |
| 8:04 | Guard Tower |
| 8:12 | Staff of Teleportation |
| 8:23 | Boots of Speed |
| 8:52 | Siphon Mana |
| 9:14 | Workshop |
| 9:16 | Guard Tower |
| 9:43 | Scroll of Town Portal |
| 9:44 | Potion of Mana |
| 9:46 | Lesser Clarity Potion |
| 9:55 | Workshop |
| Right click | 483 |
| Select | 143 |
| Build/train/purchase | 65 |
| Chat | 57 |
| Use ability | 24 |
| Select group | 20 |
| Assign group | 15 |
| Resource trade | 15 |
| Misc. action | 2 |
| Item give/drop | 2 |
| Esc | 2 |

| Potion of Lesser Invulnerability | 1 | 150 |
| total: | 1 | 150g |
| Peon | 11 | 825 | / | 0 |
| Troll Headhunter | 11 | 1540 | / | 220 |
| Shaman | 2 | 260 | / | 40 |
| Troll Witch Doctor | 2 | 290 | / | 50 |
| Troll Berserker | 1 | 140 | / | 20 |
| total: | 27 | 3055g | / | 330w |
| War Mill | 1 | 205 | / | 0 |
| Orc Burrow | 6 | 960 | / | 240 |
| Altar of Storms | 1 | 180 | / | 50 |
| Barracks | 1 | 180 | / | 50 |
| Great Hall | 1 | 385 | / | 185 |
| Spirit Lodge | 2 | 300 | / | 300 |
| Stronghold | 1 | 315 | / | 190 |
| Fortress | 1 | 325 | / | 190 |
| total: | 12 | 2210g | / | 825w |
| 0:03 | Peon |
| 0:03 | Peon |
| 0:03 | Peon |
| 0:21 | War Mill |
| 0:27 | Orc Burrow |
| 0:40 | Peon |
| 0:40 | Peon |
| 0:51 | Altar of Storms |
| 1:06 | Barracks |
| 1:14 | Peon |
| 1:24 | Peon |
| 1:54 | Orc Burrow |
| 2:07 | Troll Headhunter |
| 2:11 | Orc Burrow |
| 2:27 | Troll Headhunter |
| 2:44 | Stronghold |
| 2:56 | War Stomp |
| 2:59 | Troll Headhunter |
| 3:10 | Troll Headhunter |
| 3:28 | Troll Headhunter |
| 3:38 | Troll Headhunter |
| 5:18 | Great Hall |
| 5:25 | Fortress |
| 5:29 | Endurance Aura |
| 5:47 | Troll Headhunter |
| 5:59 | Spirit Lodge |
| 6:03 | Spirit Lodge |
| 6:10 | Orc Burrow |
| 6:39 | Troll Regeneration |
| 6:50 | Endurance Aura |
| 7:10 | Orc Burrow |
| 7:22 | Shaman Adept Training |
| 7:23 | Shaman |
| 7:24 | Witch Doctor Adept Training |
| 7:25 | Troll Witch Doctor |
| 7:25 | Shaman |
| 7:43 | Troll Headhunter |
| 7:44 | Troll Headhunter |
| 8:05 | Berserker Upgrade |
| 8:06 | Troll Witch Doctor |
| 8:37 | Troll Headhunter |
| 8:49 | Troll Headhunter |
| 8:50 | Shaman Master Training |
| 9:18 | Orc Burrow |
| 9:39 | Peon |
| 9:39 | Peon |
| 9:39 | Peon |
| 9:40 | Peon |
| 10:17 | War Stomp |
| 10:25 | Troll Berserker |
| 10:36 | Potion of Lesser Invulnerability |
| Select group | 381 |
| Right click | 311 |
| Select | 94 |
| Build/train/purchase | 49 |
| Assign group | 22 |
| Item give/drop | 2 |
| Remove unit | 1 |

| Wisp | 11 | 660 | / | 0 |
| Huntress | 6 | 1170 | / | 120 |
| Glaive Thrower | 3 | 630 | / | 195 |
| total: | 20 | 2460g | / | 315w |
| Ancient Protector | 1 | 135 | / | 80 |
| Moon Well | 7 | 1260 | / | 280 |
| Altar of Elders | 1 | 180 | / | 50 |
| Hunter's Hall | 1 | 210 | / | 100 |
| Ancient of War | 2 | 300 | / | 120 |
| Tree of Ages | 1 | 320 | / | 180 |
| total: | 12 | 2085g | / | 630w |
| 0:03 | Wisp |
| 0:03 | Wisp |
| 0:13 | Moon Well |
| 0:16 | Wisp |
| 0:21 | Altar of Elders |
| 0:36 | Wisp |
| 1:01 | Wisp |
| 1:01 | Wisp |
| 1:17 | Wisp |
| 1:18 | Wisp |
| 1:24 | Hunter's Hall |
| 1:29 | Wisp |
| 1:50 | Ancient of War |
| 1:53 | Wisp |
| 2:08 | Moon Well |
| 2:21 | Moon Well |
| 2:24 | Trueshot Aura |
| 2:37 | Wisp |
| 2:46 | Moon Well |
| 2:53 | Moon Well |
| 3:14 | Huntress |
| 3:14 | Huntress |
| 3:40 | Ancient of War |
| 3:42 | Moon Armor |
| 4:20 | Huntress |
| 4:22 | Glaive Thrower |
| 4:29 | Moon Well |
| 4:31 | Moon Well |
| 4:59 | Huntress |
| 5:08 | Ancient Protector |
| 5:29 | Searing Arrows |
| 5:45 | Huntress |
| 6:17 | Glaive Thrower |
| 7:02 | Glaive Thrower |
| 7:04 | Tree of Ages |
| 7:10 | Trueshot Aura |
| 8:13 | Huntress |
| 10:45 | Searing Arrows |
| Right click | 300 |
| Select | 126 |
| Select group | 39 |
| Build/train/purchase | 30 |
| Assign group | 8 |
| Minimap ping | 4 |
| Use ability | 2 |
| Remove unit | 2 |


| Scroll of Regeneration | 2 | 200 |
| Lesser Clarity Potion | 1 | 70 |
| Boots of Speed | 2 | 500 |
| Staff of Teleportation | 2 | 300 |
| Periapt of Vitality | 1 | 325 |
| Potion of Invisibility | 1 | 100 |
| Potion of Lesser Invulnerability | 1 | 150 |
| total: | 10 | 1645g |
| Peasant | 18 | 1350 | / | 0 |
| Dragonhawk Rider | 5 | 1000 | / | 150 |
| total: | 23 | 2350g | / | 150w |
| Scout Tower | 3 | 90 | / | 60 |
| Arcane Tower | 1 | 70 | / | 50 |
| Guard Tower | 1 | 70 | / | 50 |
| Altar of Kings | 1 | 180 | / | 50 |
| Farm | 6 | 480 | / | 120 |
| Lumber Mill | 1 | 120 | / | 0 |
| Arcane Vault | 1 | 130 | / | 30 |
| Town Hall | 1 | 385 | / | 205 |
| Blacksmith | 1 | 140 | / | 60 |
| Gryphon Aviary | 3 | 420 | / | 450 |
| Keep | 1 | 320 | / | 210 |
| Castle | 1 | 360 | / | 210 |
| total: | 17 | 1945g | / | 975w |
| 0:03 | Peasant |
| 0:04 | Peasant |
| 0:04 | Peasant |
| 0:30 | Peasant |
| 0:35 | Altar of Kings |
| 0:36 | Farm |
| 0:56 | Lumber Mill |
| 1:00 | Peasant |
| 1:17 | Peasant |
| 1:25 | Farm |
| 1:30 | Peasant |
| 1:38 | Arcane Vault |
| 1:41 | Peasant |
| 1:46 | Scout Tower |
| 2:04 | Farm |
| 2:06 | Peasant |
| 2:13 | Arcane Tower |
| 2:18 | Pocket Factory |
| 2:22 | Peasant |
| 2:22 | Peasant |
| 2:36 | Peasant |
| 2:36 | Peasant |
| 2:57 | Farm |
| 3:10 | Engineering Upgrade |
| 3:19 | Scroll of Regeneration |
| 3:19 | Lesser Clarity Potion |
| 3:28 | Town Hall |
| 3:42 | Scroll of Regeneration |
| 4:50 | Keep |
| 4:54 | Peasant |
| 4:55 | Peasant |
| 4:58 | Farm |
| 5:09 | Boots of Speed |
| 5:12 | Staff of Teleportation |
| 5:17 | Peasant |
| 5:18 | Peasant |
| 5:53 | Blacksmith |
| 5:55 | Scout Tower |
| 5:56 | Scout Tower |
| 6:04 | Peasant |
| 6:35 | Improved Masonry |
| 6:55 | Guard Tower |
| 7:16 | Gryphon Aviary |
| 7:16 | Gryphon Aviary |
| 7:25 | Black Arrow |
| 7:40 | Improved Lumber Harvesting |
| 7:51 | Gryphon Aviary |
| 8:03 | Boots of Speed |
| 8:04 | Periapt of Vitality |
| 8:05 | Staff of Teleportation |
| 8:06 | Potion of Invisibility |
| 8:08 | Potion of Lesser Invulnerability |
| 8:40 | Dragonhawk Rider |
| 8:40 | Dragonhawk Rider |
| 9:18 | Dragonhawk Rider |
| 9:19 | Castle |
| 9:25 | Farm |
| 10:15 | Dragonhawk Rider |
| 10:15 | Dragonhawk Rider |
| Select group | 390 |
| Right click | 322 |
| Select | 145 |
| Build/train/purchase | 52 |
| Use ability | 20 |
| Chat | 15 |
| Misc. action | 8 |
| Assign group | 6 |
| Minimap ping | 5 |
⇛